 Dungeon Crawl Stone Soup version 0.24.0-125-gc4c63601f3 (webtiles) character file.

Game seed: 15166191199302031977, levelgen mode: deterministic

31 Martska the Digger (level 3, -3/19 HPs)
             Began as a Gargoyle Earth Elementalist on Feb 24, 2020.
             Killed from afar by Sigmund (13 damage)
             ... with a puff of flame
             ... on level 2 of the Dungeon.
             The game lasted 00:07:02 (822 turns).

Martska the Digger (Gargoyle Earth Elementalist)     Turns: 822, Time: 00:07:03

Health: -3/19      AC:  5    Str: 11    XL:     3   Next: 22%
Magic:  2/7        EV: 12    Int: 16    God:
Gold:   56         SH:  0    Dex: 10    Spells: 6/7 levels left

rFire    . . .     SeeInvis .   k - +0 flail
rCold    . . .     Gourm    .   (no shield)
rNeg     + . .     Faith    .   c - +0 robe
rPois    ∞         Spirit   .   (no helmet)
rElec    +         Reflect  .   (no cloak)
rCorr    .         Harm     .   (no gloves)
MR       .....                  (no boots)
Stlth    ++........             a - amulet of regeneration
HPRegen  0.46/turn              f - ring of poison resistance
MPRegen  0.10/turn              (no ring)

@: no status effects
A: negative energy resistance 1, electricity resistance, unbreathing,
petrification resistance, rot immunity, AC +3
a: no special abilities


You were on level 2 of the Dungeon.
You were not hungry.

You visited 1 branch of the dungeon, and saw 2 of its levels.

You collected 56 gold pieces.

Inventory:

Hand Weapons
 k - a +0 flail (weapon)
Missiles
 b - 19 stones (quivered)
Armour
 c - a +0 robe (worn)
 l - a +0 shield
Jewellery
 a - an amulet of regeneration (around neck)
 f - a ring of poison resistance (left hand)
Scrolls
 h - 2 scrolls of teleportation {unknown}
 i - a scroll of remove curse {unknown}
 m - a scroll of fear {unknown}
Potions
 e - a potion of curing {unknown}
 g - a potion of mutation {unknown}
 j - a potion of lignification {unknown}
Comestibles
 d - 2 rations


   Skills:
 - Level 1.5 Dodging
 - Level 2.1 Stealth
 * Level 2.7 Spellcasting
   Level 0.7 Transmutations
 * Level 4.4 Earth Magic


You had 6 spell levels left.
You knew the following spells:

 Your Spells              Type           Power        Failure   Level  Hunger
a - Sandblast             Erth           ###...       3%          1    #......

Your spell library contained the following spells:

 Spells                   Type           Power        Failure   Level  Hunger
 Passwall                 Tmut/Erth      ##......     10%         2    ##.....
 Stone Arrow              Conj/Erth      #.....       22%         3    ###....
 Petrify                  Tmut/Erth      ##......     54%         4    #####..
 Lee's Rapid Deconstruct  Erth           ###.......   65%         5    ######.


Dungeon Overview and Level Annotations

Branches:
Dungeon (2/15)

Altars:
Zin

Annotations:
D:2 Sigmund


Innate Abilities, Weirdness & Mutations

You are resistant to torment.
Your stone body is resilient. (AC +3)
You are immune to poison.
You resist negative energy. (rN+)
You are resistant to electric shocks. (rElec)
You can survive without breathing.
You are immune to petrification.
You are immune to rotting.


Message History

Confirm with . or Enter, or press ? or * to list all spells.
Aiming: Sandblast (safe; 3% risk of failure)
Press: ? - help, Shift-Dir - straight line, f - kobold
Aim: a kobold The blast of sand hits the kobold!
You kill the kobold!
b - 14 stones
b - 15 stones (gained 1)
b - 19 stones (gained 4)
Found a pair of embroidered boots.
Sigmund the Dreaded comes into view.
He is wielding a +0 scythe.
Sigmund shouts!
Sigmund points at you and mumbles some strange words.
The puff of flame hits you!
Sigmund is nearby!
Sigmund flickers, as though insubstantial.
Sigmund points at you and mumbles some strange words.
The puff of flame hits you!
Ouch! That really hurt!
You die...

#........# .@. #........#
.... #........#
....######........#
.[................#######
..................'......
..................#######
###...............#
........@.........+ )
####..............# ##
#........#######
#........# #........#
#........# ##########


You could see Sigmund.

Vanquished Creatures
  An adder (D:2)
  An ooze (D:2)
  A dart slug (D:1)
  A leopard gecko (D:2)
  A bat (D:2)
  2 goblins (D:1)
  A hobgoblin (D:1)
  3 kobolds
  2 frilled lizards (D:1)
  2 rats (D:1)
15 creatures vanquished.

Notes
Turn   | Place    | Note
-------+----------+-------------------------------------------
     0 | D:1      | Martska the Gargoyle Earth Elementalist began the quest for
                  | the Orb.
     0 | D:1      | Reached XP level 1. HP: 10/10 MP: 3/3
   267 | D:1      | Reached XP level 2. HP: 15/15 MP: 3/5
   270 | D:1      | Reached skill level 4 in Earth Magic
   712 | D:2      | Found a glowing silver altar of Zin.
   713 | D:2      | Noticed an angel
   802 | D:2      | Reached XP level 3. HP: 19/19 MP: 1/7
   821 | D:2      | Noticed Sigmund
   822 | D:2      | Killed from afar by Sigmund

Levels and vault maps discovered:
D:1:      minmay_arrival_five_plusses, layout_basic, chequers_hall_statues_y
D:2:      layout_basic, zin_angel, minmay_bisected, uniq_terence, uniq_sigmund

Skill      XL: |  1  2 |
---------------+-------+-----
Earth Magic    | 4 |  4.4
Dodging        | |  1.5
Stealth        | |  2.1
Spellcasting   | |  2.7
Transmutations | |  0.7

Action                   || total
-------------------------++-------
Melee: Unarmed           ||     4
 Cast: Sandblast         ||    18
 Stab: Sleeping          ||     1
Armor: Robe              ||     2
Dodge: Dodged            ||     3
